 Dungeon Crawl Stone Soup version 0.21.1-1-g345015fe64 (webtiles) character file.

11909 Gargoyl the Cleaver (level 11, -21/91 HPs)
             Began as a Centaur Abyssal Knight on June 5, 2018.
             Was the Champion of Lugonu.
             Demolished by a death yak simulacrum (29 damage)
             ... in an ice cave.
             The game lasted 00:23:31 (16042 turns).

Gargoyl the Cleaver (Centaur Abyssal Knight)       Turns: 16042, Time: 00:23:32

Health: -21/91     AC: 17    Str: 16    XL:     11   Next: 55%
Magic:  17/17      EV:  6    Int: 11    God:    Lugonu [******]
Gold:   898        SH:  5    Dex: 18    Spells: 10/10 levels left

rFire    + + .     SeeInvis +   y - +3 hand axe (vamp)
rCold    . . .     Gourm    .   (no shield)
rNeg     . . .     Faith    .   g - +2 chain mail {rF+}
rPois    +         Spirit   .   d - +3 helmet "Heasoel" {MR+ Dex+7}
rElec    +         Reflect  +   k - +0 cloak
rCorr    .         Harm     .   (no gloves)
MR       +....                  (no barding)
Stlth    ..........             C - amulet "Ilaisiffum" {Reflect rElec rF+ Slay-2 SH+5}
HPRegen  0.25/turn              i - ring of poison resistance
MPRegen  0.15/turn              f - ring of see invisible

@: very quick
A: large, hooves 3, deformed body, speed 2, tough skin 3
a: Depart the Abyss, Bend Space, Banish, Corrupt, Enter the Abyss, Brand Weapon
With Distortion, Renounce Religion


You were in an ice cave.
You worshipped Lugonu.
Lugonu was exalted by your worship.
You were very hungry.

You visited 2 branches of the dungeon, and saw 11 of its levels.
You visited the Abyss 1 time.
You also visited: Ice Cave.

You collected 898 gold pieces.

Inventory:

Hand Weapons
 a - a +1 hand axe
 t - a +1 war axe
 y - a +3 vampiric hand axe (weapon)
Missiles
 w - 11 tomahawks (quivered)
Armour
 d - the +3 helmet "Heasoel" (worn) {MR+ Dex+7}
   (You found it on level 2 of the Abyss)

   It affects your dexterity (+7).
   It affects your resistance to hostile enchantments.
 g - a +2 chain mail of fire resistance (worn)
 k - a +0 cloak (worn)
Jewellery
 e - an uncursed ring of flight
 f - a ring of see invisible (right hand)
 h - an uncursed ring of resist corrosion
 i - a ring of poison resistance (left hand)
 C - the amulet "Ilaisiffum" (around neck) {Reflect rElec rF+ Slay-2 SH+5}
   (You took it off a crimson imp on level 9 of the Dungeon)

   [amulet of reflection]

   It shields you and reflects attacks.
   It affects your accuracy and damage with ranged weapons and melee attacks
   (-2).
   It protects you from fire.
   It insulates you from electricity.
   It affects your SH (+5).
 D - a +3 ring of dexterity {unknown}
Wands
 j - a wand of random effects (34)
 r - a wand of disintegration (19)
 s - a wand of flame (23)
 B - a wand of digging (9)
Scrolls
 n - 5 scrolls of teleportation
 o - 2 scrolls of identify
 p - 3 scrolls of magic mapping
 v - a scroll of blinking
 x - 4 scrolls of remove curse
Potions
 b - a potion of haste
 l - a potion of resistance
 m - 2 potions of agility
 q - a potion of lignification
 z - a potion of ambrosia
 A - a potion of might
 E - 3 potions of flight
Comestibles
 c - 17 rations


   Skills:
 + Level 6.7 Fighting
 + Level 9.9 Axes
 + Level 1.3 Throwing
 * Level 8.6 Armour
 + Level 2.6 Dodging
 * Level 8.9 Invocations


You had 10 spell levels left.
You didn't know any spells.

Dungeon Overview and Level Annotations

Branches:
Dungeon (10/15)            Temple (0/1) D:6            Lair (1/6) D:10
    Orc (0/2) D:9

Altars:
Dithmenos
Elyvilon
Fedhas
Gozag
Hepliaklqana
Kikubaaqudgha
Makhleb
Okawaru
Qazlal
Ru
Sif Muna
Yredelemnul
The Shining One

Shops:
D:9 (

Annotations:
Abyss:1 Gastronok, Grum


Innate Abilities, Weirdness & Mutations

You have hooves in place of feet.
Armour fits poorly on your strangely shaped body.
You cover ground very quickly.
You have extremely tough skin. (AC +3)


Message History

The death yak simulacrum gores you but does no damage. x2
You hit the death yak simulacrum but do no damage.
You kick the death yak simulacrum, but do no damage.
The death yak simulacrum is severely damaged.
You hit the death yak simulacrum but do no damage.
The death yak simulacrum gores you. The death yak simulacrum freezes you!!!
* * * LOW HITPOINT WARNING * * *
The death yak simulacrum barely misses you.
You hit the death yak simulacrum but do no damage.
The death yak simulacrum is lightly damaged.
You completely miss the death yak simulacrum.
You hit the death yak simulacrum but do no damage.
You kick the death yak simulacrum, but do no damage.
The death yak simulacrum is severely damaged.
You hit the death yak simulacrum.
The death yak simulacrum barely misses you.
The death yak simulacrum gores you.
* * * LOW HITPOINT WARNING * * *
The death yak simulacrum freezes you!!
You die...

#####
##...##
##..∩..##
#.......#
#...∩...#
##.....##
##.@.##
#.ZZ#
#...##
#...#
##...
##.. ##.
.#


You could see 2 death yak simulacra.

Vanquished Creatures
  A two-headed ogre (D:9)
  Joseph (D:8)
  Maurice (D:8)
  2 rime drakes (Lair:1)
  A hornet (D:10)
  2 hippogriffs
  A spriggan (D:7)
  2 wyverns
  4 yaks (D:10)
  2 hungry ghosts (D:9)
  A water moccasin (D:9)
  A porcupine (Lair:1)
  5 sky beasts
  4 ice beasts
  A black bear (D:9)
  8 orc warriors
  4 ogres
  3 wolves
  A phantom (D:6)
  4 centaurs
  3 big kobolds (D:3)
  8 bullfrogs
  A wyvern skeleton (D:9)
  3 scorpions
  8 wights
  An electric eel (D:8)
  4 howler monkeys
  4 crimson imps
  12 orc priests
  7 hounds
  2 quasits
  2 jellies
  12 orc wizards
  Natasha (twice) (D:2)
  4 iguanas
  8 worker ants
  2 wolf simulacra (IceCv)
  2 hound skeletons
  A worker ant zombie (D:8)
  A howler monkey skeleton (D:8)
  12 gnolls
  10 adders
  2 shadow imps (D:10)
  An ooze (D:1)
  2 adder skeletons
  An adder zombie (D:9)
  2 worms (D:3)
  3 dart slugs
  10 leopard geckos
  71 orcs
  6 giant cockroaches
  35 goblins
  27 hobgoblins
  2 jackals (D:3)
  3 quokkas
  2 ball pythons
  7 bats
  8 frilled lizards
  A giant cockroach zombie (D:5)
  A jackal skeleton (D:6)
  A jackal zombie (D:5)
  14 kobolds
  A quokka zombie (D:9)
  13 rats
  A spectral orc (D:3)
372 creatures vanquished.

Vanquished Creatures (others)
  A two-headed ogre (D:10)
  A troll (D:6)
2 creatures vanquished.

Grand Total: 374 creatures vanquished

Notes
Turn   | Place    | Note
-------+----------+-------------------------------------------
     0 | Abyss:1  | Gargoyl the Centaur Abyssal Knight began the quest for the Orb.
     0 | Abyss:1  | Reached XP level 1. HP: 19/19 MP: 2/2
    99 | Abyss:2  | Noticed an eye of devastation
   119 | Abyss:2  | Got a fine helmet
   131 | Abyss:2  | Identified the +3 helmet "Heasoel" {MR+ Dex+7} (You found it on level 2 of the Abyss)
   149 | Abyss:2  | Noticed a ynoxinul
   155 | Abyss:2  | Noticed a wraith
   155 | D:1      | Escaped the Abyss
   245 | D:1      | Reached * piety under Lugonu
   276 | D:1      | Reached XP level 2. HP: 18/26 MP: 3/3
   466 | D:1      | Reached skill level 2 in Axes
   590 | D:1      | Reached XP level 3. HP: 31/31 MP: 4/4
   981 | D:2      | Noticed Natasha
   988 | D:2      | Killed Natasha
   988 | D:2      | Reached XP level 4. HP: 35/38 MP: 6/6
  1054 | D:2      | Reached ** piety under Lugonu
  1167 | D:2      | Noticed Natasha
  1174 | D:2      | Killed Natasha
  1388 | D:3      | Reached skill level 3 in Axes
  1472 | D:3      | Reached XP level 5. HP: 34/45 MP: 7/7
  1700 | D:3      | Reached *** piety under Lugonu
  1911 | D:3      | Reached skill level 1 in Dodging
  2163 | D:3      | Found a glowing golden altar of the Shining One.
  2286 | D:3      | Found a basalt altar of Yredelemnul.
  2390 | D:3      | Reached **** piety under Lugonu
  2514 | D:3      | Reached XP level 6. HP: 51/52 MP: 8/8
  2584 | D:3      | Reached skill level 4 in Axes
  2890 | D:3      | Reached ***** piety under Lugonu
  2901 | D:3      | Reached XP level 7. HP: 58/59 MP: 9/9
  3304 | D:4      | Found a stormy altar of Qazlal.
  3306 | D:4      | Noticed a water elemental
  3307 | D:4      | Noticed an air elemental
  3307 | D:4      | Noticed a fire elemental
  3718 | D:4      | Reached skill level 5 in Axes
  3981 | D:4      | Found a blossoming altar of Fedhas.
  4331 | D:5      | Entered Level 5 of the Dungeon
  4423 | D:5      | You fall through a shaft!
  4435 | D:5      | Found an opulent altar of Gozag.
  4463 | D:6      | Reached XP level 8. HP: 31/67 MP: 11/11
  4726 | D:5      | Reached skill level 6 in Axes
  4911 | D:5      | Found a sacrificial altar of Ru.
  4984 | D:5      | Found a white marble altar of Elyvilon.
  5375 | D:6      | Found a hazy altar of Hepliaklqana.
  5867 | D:6      | Reached skill level 5 in Invocations
  6265 | D:6      | Noticed a troll
  6599 | D:6      | Banished a troll
  6662 | D:6      | Found a staircase to the Ecumenical Temple.
  6863 | D:6      | You fall through a shaft for 3 floors!
  6935 | D:9      | Found Raiseoq's Weapon Shoppe.
  7053 | D:9      | Reached skill level 5 in Armour
  7053 | D:9      | Reached XP level 9. HP: 69/73 MP: 13/13
  7066 | D:9      | Found a staircase to the Orcish Mines.
  7082 | D:8      | Reached skill level 7 in Axes
  7367 | D:8      | Reached skill level 5 in Fighting
  7705 | D:8      | Noticed Grum
  8804 | D:7      | Found a deep blue altar of Sif Muna.
  8806 | D:7      | Found a blossoming altar of Fedhas.
  8807 | D:7      | Found a shadowy altar of Dithmenos.
  8807 | D:7      | Found an iron altar of Okawaru.
  9411 | D:7      | Found a burning altar of Makhleb.
  9411 | D:7      | Noticed a blizzard demon
  9965 | D:8      | Noticed Joseph
 10338 | D:8      | Reached XP level 10. HP: 58/82 MP: 15/15
 10595 | D:8      | Killed Joseph
 10595 | D:8      | Reached skill level 8 in Axes
 11181 | D:8      | Banished Grum
 11750 | D:8      | Found an ancient bone altar of Kikubaaqudgha.
 11785 | D:8      | Noticed Maurice
 11821 | D:8      | Killed Maurice
 12065 | D:8      | You fall through a shaft for 2 floors!
 12065 | D:10     | Entered Level 10 of the Dungeon
 12377 | D:10     | Reached ****** piety under Lugonu
 13219 | D:9      | Got an ichor-stained mace
 13220 | D:9      | Identified the +3 mace "Ufifown" {crush, Int+4} (You found it on level 9 of the Dungeon)
 13291 | D:9      | Reached skill level 9 in Axes
 13673 | D:9      | Noticed a two-headed ogre
 13725 | D:9      | Reached XP level 11. HP: 25/91 MP: 17/17
 14066 | D:9      | Killed a two-headed ogre
 14339 | D:9      | Reached skill level 1 in Throwing
 14395 | D:9      | Got a translucent bronze amulet
 14704 | D:10     | Noticed Gastronok
 14729 | D:10     | Banished Gastronok
 15139 | D:10     | Identified the amulet "Ilaisiffum" {Reflect rElec rF+ Slay-2 SH+5} (You took it off a crimson imp on level 9 of the Dungeon)
 15145 | D:10     | Found a staircase to the Lair.
 15521 | D:10     | Noticed a two-headed ogre
 15532 | D:10     | Banished a two-headed ogre
 15988 | Lair:1   | Entered Level 1 of the Lair of Beasts
 16006 | Lair:1   | Found a frozen archway.
 16030 | IceCv    | Entered an ice cave
 16042 | IceCv    | Demolished by a death yak simulacrum

Skill      XL: |  1  2  3  4  5  6  7  8  9 10 11 |
---------------+----------------------------------+-----
Axes           | 2 3 4 5 6 7 9 |  9.9
Armour         | 2 3 5 6 7 8 |  8.6
Invocations    | 3 4 5 6 8 |  8.9
Dodging        | 1 2 |  2.6
Fighting       | 4 5 6 |  6.7
Throwing       | 1 |  1.3

Action                   |  1- 3 |  4- 6 |  7- 9 | 10-12 || total
-------------------------+-------+-------+-------+-------++-------
Melee: Hand axe          |    73 |   194 |   138 |   544 ||   949
       Kick              |    19 |    56 |   129 |   195 ||   399
       War axe           |       |       |   273 |       ||   273
Throw: Tomahawk          |       |       |     2 |     5 ||     7
Invok: Depart the Abyss  |     1 |       |       |       ||     1
       Banish            |       |       |     2 |     5 ||     7
  Use: Scroll            |     9 |       |     4 |    10 ||    23
       Potion            |     2 |       |     2 |     8 ||    12
  Eat: Chunk             |       |     4 |    15 |     7 ||    26
       Ration            |       |       |     2 |     5 ||     7
Armor: Chain mail        |    96 |   214 |   364 |   342 ||  1016
       Skin              |       |       |       |    34 ||    34
Dodge: Dodged            |    28 |    65 |   145 |   152 ||   390
Block: Other             |       |       |       |     5 ||     5
